 Dungeon Crawl Stone Soup version 0.25-a0-566-g062765be81 (webtiles) character file.

Game seed: 5396049134023173707, levelgen mode: deterministic

4 vurker the Gusty (level 1, -4/7 HPs)
             Began as a Felid Air Elementalist on Feb 28, 2020.
             Slain by an adder (5 damage)
             ... on level 2 of the Dungeon.
             The game lasted 00:00:30 (281 turns).

vurker the Gusty (Felid Air Elementalist)            Turns: 281, Time: 00:00:32

Health: -4/7       AC:  1    Str:  4    XL:     1   Next: 50%
Magic:  0/4        EV: 18    Int: 16    God:
Gold:   23         SH:  0    Dex: 16    Spells: 3/4 levels left
                                        Lives:  0   Deaths: 0

rFire    . . .     SeeInvis +   (weapon unavailable)
rCold    . . .     Gourm    .   (shield unavailable)
rNeg     . . .     Faith    .   (armour unavailable)
rPois    .         Spirit   .   (helmet unavailable)
rElec    .         Reflect  .   (cloak unavailable)
rCorr    .         Harm     .   (gloves unavailable)
MR       .....                  (boots unavailable)
Stlth    +++.......             (no amulet)
HPRegen  0.02/turn              (no ring)
MPRegen  0.09/turn              (no ring)

@: very slightly contaminated, quick
A: very small, no armour, no weapons or thrown items, stealth, claws 1, fangs 3,
see invisible, carnivore, speed 1, shaggy fur 1, slow metabolism 1, sharp paws
a: no special abilities


You were on level 2 of the Dungeon.
You were full.

You visited 1 branch of the dungeon, and saw 2 of its levels.

You collected 23 gold pieces.

Inventory:

Scrolls
 b - a scroll of identify {unknown}
Potions
 a - a potion of mutation {unknown}
 c - a potion of curing {unknown}
Comestibles
 e - 2 rations


   Skills:
 + Level 0.2 Fighting
 - Level 2.6 Dodging
 - Level 2.6 Stealth
 * Level 2.1 Spellcasting
 + Level 1.0 Conjurations
 * Level 2.7 Air Magic


You had 3 spell levels left.
You knew the following spells:

 Your Spells              Type           Power        Failure   Level  Hunger
a - Shock                 Conj/Air       #...         10%         1    #......

Your spell library contained the following spells:

 Spells                   Type           Power        Failure   Level  Hunger
 Swiftness                Chrm/Air       #.......     17%         2    ###....
 Static Discharge         Conj/Air       #.......     28%         3    ###....
 Airstrike                Air            ##........   54%         4    #####..
 Lightning Bolt           Conj/Air       #.........   95%         5    ######.


Dungeon Overview and Level Annotations

Branches:
Dungeon (1/15)

Altars:


Innate Abilities, Weirdness & Mutations

You cannot wear armour.
You are incapable of wielding weapons or throwing items.
Your paws allow you to move quietly. (Stealth)
You have sharp claws.
You have razor-sharp teeth.
You have supernaturally acute eyesight. (SInv)
You are carnivorous and can eat meat at any time.
You cover ground quickly.
You are covered in fur. (AC +1)
You have a slow metabolism.
Your sharp claws are effective at attacking unaware monsters.


Message History

A goblin comes into view.
A goblin is nearby!
Aim: a goblin (resting)
You miscast Shock.
You are very lightly contaminated with residual magic.
You feel momentarily weightless.
The goblin shouts!
Aim: a goblin You miscast Shock.
Nothing appears to happen.
Aim: a goblin The zap hits the goblin. x2
You kill the goblin!
You can't see any susceptible monsters within range! (Use Z to cast anyway.)
You can't see any susceptible monsters within range! (Use Z to cast anyway.)
You can't see any susceptible monsters within range! (Use Z to cast anyway.)
An adder comes into view.
Aim: an adder (resting)
The zap hits the adder.
The adder hisses angrily.
A goblin comes into view. It is wielding a +0 dagger.
Aim: an adder (moderately wounded)
The zap hits the adder.
The zap hits the goblin.
You kill the goblin!
Your Conjurations skill increases to level 1!
Aim: an adder (heavily wounded)
You miscast Shock.
Nothing appears to happen.
Aim: an adder (heavily wounded)
The zap hits the adder.
You don't have enough magic to cast that spell.
The adder bites you.
Ouch! That really hurt!
* * * LOW HITPOINT WARNING * * *
You don't have enough magic to cast that spell.
The adder completely misses you.
Found 3 scrolls labeled WYCSARUIHI.
Your magical contamination has completely faded away.
You see here 3 scrolls labeled WYCSARUIHI.
The adder misses you.
You miscast Shock.
You are very lightly contaminated with residual magic.
You feel a strange surge of energy! The adder completely misses you.
You miscast Shock.
You feel a strange surge of energy! The adder completely misses you.
The adder bites you.
* * * LOW HITPOINT WARNING * * *
The zap hits the adder. x2; The adder barely misses you.
You don't have enough magic to cast that spell.
You scratch the adder but do no damage. The adder barely misses you.
You miss the adder. The adder completely misses you. The adder bites you.
Ouch! That really hurt!
You die...

##################
#......?..........
#.################
#S# #@# #.# #.#
#.# ... ###


You could see an adder.

Vanquished Creatures
  2 goblins (D:2)
  A hobgoblin (D:1)
  A frilled lizard (D:2)
4 creatures vanquished.

Notes
Turn   | Place    | Note
-------+----------+-------------------------------------------
     0 | D:1      | vurker the Felid Air Elementalist began the quest for the
                  | Orb.
     0 | D:1      | Reached XP level 1. HP: 7/7 MP: 4/4
   187 | D:1      | You fall into a shaft and drop 1 floor!
   235 | D:2      | Reached skill level 1 in Conjurations
   281 | D:2      | Slain by an adder

Levels and vault maps discovered:
D:1:      dpeg_arrival_pits, layout_loops_corners
D:2:      layout_basic, serial_bayou, serial_bayou_pond_c, serial_bayou_pond_a,
          serial_bayou_lake_a, serial_bayou_shore_b

Skill      XL: |  1 |
---------------+----+-----
Conjurations   | 1 |  1.0
Fighting       | |  0.2
Dodging        | |  2.6
Stealth        | |  2.6
Spellcasting   | |  2.1
Air Magic      | |  2.7

Action                   || total
-------------------------++-------
Melee: Unarmed           ||     2
 Cast: Shock             ||     8
  Eat: Chunk             ||     3
Dodge: Dodged            ||     7

Table legend:
 A = Non-vault XP
 B = Vault XP
 C = Vault XP percentage of total XP
 D = Non-vault monster count
 E = Vault monster count
 F = Vault count percentage of total count
                 A         B        C        D         E       F
            +---------+---------+-------+---------+---------+-------
      Total |       6 |       0 |   0.0 |       4 |       0 |   0.0
            +---------+---------+-------+---------+---------+-------
        D:1 |       2 |       0 |   0.0 |       1 |       0 |   0.0
        D:2 |       4 |       0 |   0.0 |       3 |       0 |   0.0
            +---------+---------+-------+---------+---------+-------
